 Dungeon Crawl Stone Soup version 0.29.1-1-gd02db6906a (webtiles) character file.

Game seed: 8732493933663428128

34 fireball365 the Digger (level 3, -1/26 HPs)
             Began as a Demigod Earth Elementalist on Oct 6, 2022.
             Slain by a gnoll
             ... wielding a +0 halberd
              (4 damage)
             ... on level 2 of the Dungeon.
             The game lasted 00:07:38 (1423 turns).

fireball365 the Digger (Demigod Earth Elementalist) Turns: 1423, Time: 00:07:39

Health: -1/26      AC:  5    Str: 13    XL:     3   Next: 1%
Magic:  8/9        EV: 10    Int: 17    God:
Gold:   117        SH:  0    Dex: 14    Spells: 5/6 levels left

rFire   . . .      SeeInvis .   k - +0 hand axe
rCold   + . .      Faith    .   (no shield)
rNeg    . . .      Spirit   .   c - +0 ring mail
rPois   .          Reflect  .   (no helmet)
rElec   .          Harm     .   (no cloak)
rCorr   .          Rampage  .   (no gloves)
Will    .....                   (no boots)
Stlth   +.........              (no amulet)
HPRegen 0.08/turn               i - ring of protection from cold
MPRegen 0.11/turn               (no ring)

@: lethally poisoned (-1 -> -15)
A: high MP 1, forlorn, divine attributes
a: no special abilities


You were on level 2 of the Dungeon.
You visited 1 branch of the dungeon, and saw 2 of its levels.

You collected 117 gold pieces.

Inventory:

Hand Weapons
 k - a +0 hand axe (weapon)
Missiles
 d - 25 stones
Armour
 a - a +0 robe
 c - a +0 ring mail (worn)
 j - a +0 ring mail
 n - a +0 leather armour
Jewellery
 i - a ring of protection from cold (left hand)
Scrolls
 e - a scroll of enchant weapon {unknown}
 f - a scroll of teleportation {unknown}
 h - a scroll of identify {unknown}
 m - a scroll of torment {unknown}
Potions
 b - a potion of magic
 g - a potion of curing {unknown}
 l - a potion of lignification {unknown}


   Skills:
 + Level 1.8 Dodging
 + Level 1.9 Stealth
 + Level 0.3 Unarmed Combat
 + Level 2.4 Spellcasting
 + Level 0.8 Transmutations
 + Level 3.2 Earth Magic


You had 5 spell levels left.
You knew the following spells:

 Your Spells              Type           Power      Damage    Failure   Level
a - Sandblast             Erth           26%        2d8       11%         1

Your spell library contained the following spells:

 Spells                   Type           Power      Damage    Failure   Level
 Passwall                 Tmut/Erth      6%         N/A       26%         2
 Stone Arrow              Conj/Erth      14%        3d7       54%         3
 Gell's Gravitas          Tloc           2%         N/A       77%         3
 Teleport Other           Tloc           2%         N/A       77%         3
 Petrify                  Tmut/Erth      8%         N/A       87%         4
 Dispersal                Tloc           1%         N/A       100%        6


Dungeon Overview and Level Annotations

Branches:
Dungeon (2/15)


Innate Abilities, Weirdness & Mutations

You have an increased reservoir of magic. (+10% MP)
You shall have no god before yourself.
Your divine heritage dramatically boosts your attributes as you level up.


Message History

The gnoll shouts!
You see here a scroll labelled FOPTA JUYMPO.
There is a stone staircase leading down here.
Found a stone staircase leading up.
You see here an emerald potion.
You can't see any susceptible monsters within range! (Use Z to cast anyway.)
There is a stone staircase leading down here.
The blast of sand hits the gnoll!
The gnoll is severely wounded.
A gnoll comes into view. It is wielding a +0 halberd.
The gnoll throws a throwing net.
The throwing net hits you.
You become entangled in the net!
A gnoll comes into view.
It is wielding a +0 flail and quivering poisoned darts.
You are held in a net!
You are held in a net!
You struggle against the net.
The gnoll shouts! x2
You struggle against the net.
The gnoll hits you from afar with a +0 spear.
You are held in a net!
You struggle against the net.
A kobold comes into view. It is wielding a +0 dagger.
The gnoll throws a poisoned dart.
The poisoned dart hits you!
You are poisoned.
The gnoll hits you from afar with a +0 spear!
You rip the net and break free!
You feel very sick.
The kobold shouts!
A bat comes into view.
The gnoll throws a poisoned dart.
The poisoned dart hits you!
You are lethally poisoned!
The gnoll hits you from afar with a +0 spear.
The gnoll hits you from afar with a +0 halberd.
* * * LOW HITPOINT WARNING * * *
The bat moves out of view.
* * * LOW HITPOINT WARNING * * *
You feel very sick. The gnoll barely misses you.
The gnoll hits you from afar with a +0 halberd.
You die...

.....# ..###.#.##.#
..)..###...... ..#.#
.#.......# #.# #.#.# ..
##......####.###.#.# <..
##.##............g.#....
...###.............#b...
.####..........gg.......
.# #...........?.K# ##
#...........@..# .#
#....>......!..# .#
#..............# .#
##............## .#
##...........# .#
#######...#... .#
......... ## ..?.......
# #..... ....


You could see 3 gnolls, a bat and a kobold.

Vanquished Creatures
  An adder (D:2)
  A dart slug (D:1)
  A ball python (D:2)
  2 bats (D:1)
  2 endoplasms (D:1)
  A giant cockroach (D:1)
  3 goblins
  A quokka (D:1)
  3 frilled lizards (D:2)
  A kobold (D:2)
  9 rats (D:1)
25 creatures vanquished.

Notes
Turn   | Place    | Note
-------+----------+-------------------------------------------
     0 | D:1      | fireball365 the Demigod Earth Elementalist began the quest
                  | for the Orb.
     0 | D:1      | Reached XP level 1. HP: 14/14 MP: 5/5
   566 | D:1      | Reached skill level 3 in Earth Magic
   566 | D:1      | Reached XP level 2. HP: 20/20 MP: 5/7
  1282 | D:2      | Reached XP level 3. HP: 26/26 MP: 7/9
  1423 | D:2      | Slain by a gnoll

Illustrated notes

Levels and vault maps discovered:
D:1:      dpeg_arrival_line_fractal, layout_loops_ring,
          hellmonk_ecumenical_altar_arch_garden, minmay_rat_gold_closets
D:2:      layout_rooms, basic_altar, grunt_ministairs_9

Skill      XL: |  1 |
---------------+----+-----
Spellcasting   | 2 |  2.4
Earth Magic    | 3 |  3.2
Dodging        | |  1.8
Stealth        | |  1.9
Unarmed Combat | |  0.3
Transmutations | |  0.8

Action                   || total
-------------------------++-------
Melee: Unarmed           ||    23
 Cast: Sandblast         ||    31
Armor: Ring mail         ||    21
Dodge: Dodged            ||    26
